 Dungeon Crawl Stone Soup version 0.29-a0-721-g7f417c9bbb (webtiles) character file.

Game seed: 449305934856453566

90237 Mgcat the Severer (level 16, -8/167 (176) HPs)
             Began as an Ogre Fighter on June 27, 2022.
             Was the Champion of Okawaru.
             Killed from afar by a vampire mage (31 damage)
             ... with a bolt of negative energy
             ... on level 15 of the Dungeon.
             The game lasted 00:46:18 (33985 turns).

Mgcat the Severer (Ogre Fighter)                   Turns: 33985, Time: 00:46:19

HP:   -8/167 (176)  AC: 23    Str: 29    XL:     16   Next: 0%
MP:   24/25         EV: 11    Int: 13    God:    Okawaru [******]
Gold: 1692          SH: 12    Dex:  7    Spells: 15/15 levels left

rFire   . . .      SeeInvis .   b - +9 broad axe (vorpal)
rCold   . . .      Faith    +   c - +0 kite shield
rNeg    . . .      Spirit   .   x - +1 acid dragon scales
rPois   +          Reflect  .   N - +2 hat
rElec   .          Harm     .   B - +2 cloak {Stlth+}
rCorr   +          Rampage  .   (gloves unavailable)
Will    .....                   (boots unavailable)
Stlth   +++.......              M - amulet of faith {Faith, !P}
HPRegen 0.37/turn               m - +4 ring of protection
MPRegen 0.19/turn               H - ring of poison resistance {rPois, !d}

@: weak-willed, heroic, drained
A: large, unfitting armour, tough skin 1, iridescent scales 1, clever 1
a: Renounce Religion, Heroism, Finesse, Duel


You were on level 15 of the Dungeon.
You worshipped Okawaru.
Okawaru was exalted by your worship.
You visited 3 branches of the dungeon, and saw 23 of its levels.
You also visited: Sewer and Volcano.

You collected 2281 gold pieces.
You spent 589 gold pieces at shops.

Inventory:

Hand Weapons
 a - a +0 scimitar of flaming
   (You took it off an efreet on level 11 of the Dungeon)
 b - a +9 vorpal broad axe (weapon)
   (You acquired it on level 7 of the Dungeon)
 h - a +2 vorpal broad axe
   (Okawaru gifted it to you on level 2 of the Orcish Mines)
Missiles
 f - a throwing net {=f, !d}
 K - 5 curare-tipped darts
Armour
 c - a +0 kite shield (worn)
 l - a scarf of shadows
   (Okawaru gifted it to you on level 15 of the Dungeon)
 x - +1 acid dragon scales (worn)
   (You found it on level 7 of the Dungeon)
 B - a +2 cloak of stealth (worn)
   (You bought it in a shop on level 8 of the Dungeon)
 N - a +2 hat (worn)
   (You found it on level 6 of the Lair of Beasts)
Jewellery
 m - a +4 ring of protection (left hand)
   (You found it on level 3 of the Dungeon)
 p - a ring of ice {rC+, rF-}
   (You found it on level 6 of the Dungeon)
 H - a ring of poison resistance (right hand) {rPois, !d}
   (You found it on level 7 of the Dungeon)
 J - a +4 ring of evasion
   (You found it on level 1 of the Lair of Beasts)
 M - an amulet of faith (around neck) {Faith, !P}
   (You found it on level 4 of the Lair of Beasts)
Wands
 o - a wand of mindburst (10)
   (You found it on level 3 of the Dungeon)
 t - a wand of digging (5)
   (You found it on level 6 of the Dungeon)
 u - a wand of flame (23)
   (You found it on level 6 of the Dungeon)
 y - a wand of polymorph (26)
   (You found it on level 8 of the Dungeon)
 P - a wand of light (8)
   (You found it on level 14 of the Dungeon)
Scrolls
 g - 4 scrolls of vulnerability {!r!r}
 i - 6 scrolls of brand weapon
 j - a scroll of fear
 q - 5 scrolls of fog
 s - 2 scrolls of enchant weapon
 A - 4 scrolls of magic mapping {!r}
 E - 5 scrolls of poison
 L - 5 scrolls of teleportation
Potions
 d - 5 potions of berserk rage {!q}
 e - 6 potions of lignification {!q}
 k - a potion of cancellation
 n - 6 potions of curing
 r - a potion of magic
 v - 6 potions of flight
 w - 3 potions of invisibility
 z - 4 potions of might
 C - 3 potions of mutation {!q}
 D - 2 potions of heal wounds
 F - 2 potions of brilliance
 G - 2 potions of resistance
 O - a potion of haste
Miscellaneous
 I - a piece from Xom's chessboard (15/15)
   (You found it on level 11 of the Dungeon)


   Skills:
 + Level 15.3(20.3) Fighting
 * Level 16.2(21.2) Axes
 + Level 8.6(13.6) Armour
 - Level 5.5(10.5) Dodging
 + Level 11.9(16.9) Shields
 + Level 12.0 Invocations
 - Level 5.0 Evocations


You had 15 spell levels left.
You didn't know any spells.
Your spell library contained the following spells:

 Spells                   Type           Power      Damage    Failure   Level
 Apportation              Tloc           0%         N/A       45%         1
 Magic Dart               Conj           0%         1d3       45%         1
 Ensorcelled Hibernation  Hex/Ice        0%         N/A       58%         2
 Dazzling Flash           Conj/Hex       0%         N/A       83%         3
 Mephitic Cloud           Conj/Pois/Air  0%         N/A       83%         3
 Ozocubu's Armour         Ice            0%         N/A       83%         3
 Spider Form              Tmut/Pois      0%         N/A       83%         3
 Anguish                  Hex/Necr       0%         N/A       99%         4
 Corpse Rot               Necr/Pois/Air  0%         N/A       99%         4
 Dispel Undead            Necr           0%         3d6       99%         4
 Agony                    Necr           0%         N/A       100%        5
 Alistair's Intoxication  Tmut/Pois      0%         N/A       100%        5
 Borgnjor's Vile Clutch   Necr/Erth      0%         N/A       100%        5
 Metabolic Englaciation   Hex/Ice        0%         N/A       100%        5
 Silence                  Hex/Air        0%         N/A       100%        5
 Eringya's Noxious Bog    Tmut/Pois      0%         N/A       100%        6
 Call Imp                 Summ           Unusable   N/A       N/A         2
 Death Channel            Necr           Unusable   N/A       N/A         6
 Simulacrum               Ice/Necr       Unusable   N/A       N/A         6

Dungeon Overview and Level Annotations

Branches:
Dungeon (15/15)            Temple (0/1) D:5            Lair (6/6) D:8
 Shoals (0/4) Lair:4        Snake (0/4) Lair:3        Slime (0/5) Lair:5
    Orc (2/2) D:10            Elf (0/3) Orc:2        Vaults (0/5) D:13
  Sewer (visited)         Volcano (visited)
 Depths: D:15

Altars:
Cheibriados
Elyvilon
Kikubaaqudgha
Okawaru
Ru
Jiyva

Shops:
D:1 :   D:8 [   D:15 (   Orc:2 [=(?*

Portals:
Pandemonium: Orc:2

Annotations:
D:2 1 runed translucent door, Crazy Yiuf
Lair:1 1 runed translucent door, gabibbone's ghost, journeyman MiHu
Lair:5 exclusion: jelly


Innate Abilities, Weirdness & Mutations

You are too large for most types of armour.
You have tough skin. (AC +1)
You are partially covered in iridescent scales. (AC +2)
Your mind is acute. (Int +4, Str/Dex -1)


Message History

You hit the phantasmal warrior. You block the hornet zombie's attack.
Something hits you. Something bites you but does no damage.
The phantasmal warrior hits you but does no damage.
You take 1 damage, and have 157/176 hp.
Spoiler Alert: The phantasmal warrior (summoned) can bypass armour and shields, and lowers MR!
You miss something.
You hit the phantasmal warrior but do no damage.
You hit the hornet zombie but do no damage.
You closely miss the hornet zombie. You barely miss the mummy.
The hornet zombie hits you but does no damage.
You block the hornet zombie's attack. Something hits you.
Something bites you but does no damage. The phantasmal warrior hits you!
You take 18 damage, and have 139/176 hp.
Lua error: [string "/dgldir/rcfiles/crawl-git/Mgcat.rc"]:930: invalid capture index You closely miss something.
You hit the hornet zombie. You slice the mummy!!
You destroy the mummy!
The mummy disappears in a puff of smoke!
You closely miss the phantasmal warrior.
You barely miss the hornet zombie.
The hornet zombie hits you but does no damage.
You block the hornet zombie's attack. Something hits you but does no damage.
Something bites you.
Something draws strength from your injuries!
The phantasmal warrior hits you but does no damage.
The hornet zombie barely misses you.
You take 1 damage, and have 138/176 hp.
Spoiler Alert: The phantasmal warrior (summoned) can bypass armour and shields, and lowers MR!
You slash something! You slash the hornet zombie! You hit the hornet zombie.
You slash the phantasmal warrior! You block the hornet zombie's attack.
Something draws life force from you! You block the hornet zombie's attack.
The phantasmal warrior hits you!!
Your willpower is stripped away!
The hornet zombie completely misses you.
You take 32 damage, and have 106/176 hp.
Spoiler Alert: The phantasmal warrior (summoned) can bypass armour and shields, and lowers MR!
You hit something but do no damage. You hit the hornet zombie.
You hit the hornet zombie but do no damage.
You barely miss the phantasmal warrior. The hornet zombie hits you.
The hornet zombie hits you but does no damage.
Something draws life force from you!! The phantasmal warrior hits you!
You take 35 damage, and have 71/176 hp.
Lua error: [string "/dgldir/rcfiles/crawl-git/Mgcat.rc"]:930: invalid capture index You barely miss something.
You hit the phantasmal warrior. You closely miss the hornet zombie.
You slash the hornet zombie!
You destroy the hornet zombie!
The hornet zombie disappears in a puff of smoke!
You block the hornet zombie's attack. Something draws life force from you!!
* * * LOW HITPOINT WARNING * * *
The phantasmal warrior closely misses you.
You take 19 damage, and have 52/176 hp.
Spoiler Alert: The phantasmal warrior (summoned) can bypass armour and shields, and lowers MR!
You slash something! You completely miss the hornet zombie.
You barely miss the phantasmal warrior. You block the hornet zombie's attack.
Lua error: [string "/dgldir/rcfiles/crawl-git/Mgcat.rc"]:930: invalid capture index You closely miss something.
You slash the hornet zombie! You hit the phantasmal warrior.
You block something's attack. Something bites you.
* * * LOW HITPOINT WARNING * * *
Something draws strength from your injuries!
The phantasmal warrior hits you.
* * * LOW HITPOINT WARNING * * *
The hornet zombie completely misses you.
You take 6 damage, and have 47/176 hp.
Spoiler Alert: The phantasmal warrior (summoned) can bypass armour and shields, and lowers MR!
You slash something! You slash the hornet zombie!
You slash the phantasmal warrior!
You destroy the phantasmal warrior!
The phantasmal warrior disappears in a puff of smoke!
The hornet zombie hits you but does no damage.
Something draws life force from you!
* * * LOW HITPOINT WARNING * * *
You take 12 damage, and have 35/176 hp.
You gain the combat prowess of a mighty hero.
The hornet zombie hits you but does no damage.
Something hits you but does no damage. You block something's attack.
You block the hornet zombie's attack.
You now have 23/25 mp.
You miss something. You hit the hornet zombie.
Something hits you but does no damage. Something bites you.
* * * LOW HITPOINT WARNING * * *
Something draws strength from your injuries!
You take 3 damage, and have 33/176 hp.
You closely miss something. You slash the hornet zombie!
You destroy the hornet zombie!
The hornet zombie disappears in a puff of smoke!
Something hits you!
* * * LOW HITPOINT WARNING * * *
Something bites you but does no damage.
You take 9 damage, and have 24/176 hp.
Okay, then.
Unknown command.
Unknown command.
Something hits you.
* * * LOW HITPOINT WARNING * * *
You block something's attack.
There is a stone staircase leading up here.
You take 2 damage, and have 23/176 hp.
You hear some strange, mumbled words.
A bolt of negative energy appears from out of thin air!
The bolt of negative energy hits you!!
You feel drained.
You die...

.............############
...[....................
........................
........................
........................
........................
.............................#
......^..)......{............#
.........)......@............#
..........)..................#
.............................#
.............................#
.............................#
.............................#
#####################...###'#####
.....#....).#................#...
.....#......#................#...


There were no monsters in sight!

Vanquished Creatures
  An ironbound preserver (D:13)
  A stone giant (Volcano)
  Snorg (Orc:2)
  Josephine (D:13)
  A spriggan zombie (D:15)
  A demonspawn (Orc:2)
  A boulder beetle (D:12)
  8 hydras
  6 centaur warriors
  A death knight (D:14)
  3 two-headed ogres
  4 death yaks
  A tengu warrior (D:13)
  8 orc high priests (Orc:2)
  A fire crab (Lair:4)
  3 skeletal warriors (D:12)
  8 orc knights
  A necromancer (D:15)
  A lindwurm (Lair:6)
  A deep elf pyromancer (D:15)
  3 orc sorcerers (Orc:2)
  3 ugly things
  6 cyclopes
  2 wolf spiders (Lair:5)
  A fire giant skeleton (D:15)
  3 manticores
  9 elephants
  Joseph (D:7)
  7 cane toads
  A smoke demon (Orc:2)
  An orange demon (Orc:2)
  A torpor snail (Lair:2)
  2 molten gargoyles (Volcano)
  Maurice (Orc:2)
  9 gargoyles
  3 unseen horrors
  A kobold demonologist (D:11)
  3 efreet
  2 rime drakes
  Psyche (D:8)
  A hellwing (Orc:2)
  2 freezing wraiths (D:14)
  A tengu conjurer (D:13)
  7 komodo dragons
  A yaktaur (D:15)
  A guardian mummy (D:15)
  A wind drake (Lair:4)
  7 polar bears
  8 trolls
  16 blink frogs
  7 slime creatures (D:12)
  6 hornets
  A shadow (D:12)
  6 wraiths
  41 yaks
  13 spriggans
  5 fire bats (Volcano)
  A fire elemental (Volcano)
  3 wyverns
  A basilisk (shapeshifter) (D:15)
  3 vampire mosquitoes (D:13)
  A chaos spawn (Orc:1)
  5 steam dragons
  Edmund (D:6)
  3 wargs (Orc:2)
  An acid dragon (D:7)
  2 nagas (Lair:3)
  20 water moccasins
  9 black bears
  36 orc warriors
  2 sky beasts (D:6)
  3 boggarts (Lair:6)
  12 ogres
  40 wolves
  8 centaurs
  2 phantoms (D:5)
  An earth elemental (Volcano)
  Blork the orc (D:5)
  7 kobold brigands
  10 bullfrogs
  5 necrophages
  5 gnoll sergeants
  4 scorpions
  7 wights
  8 killer bees
  8 howler monkeys
  2 vampire bats (D:7)
  6 lava snakes (Volcano)
  A gnoll shaman (D:9)
  16 jellies
  20 orc priests
  6 hounds
  6 iguanas
  17 orc wizards
  9 gnolls
  14 adders
  2 shadow imps
  A white imp (D:7)
  4 ufetubi
  A worm (D:4)
  3 dart slugs
  52 orcs
  2 bat skeletons (D:7)
  2 bat zombies (D:7)
  20 endoplasms
  4 giant cockroaches
  6 goblins
  7 hobgoblins
  8 jackals
  32 kobolds
  5 quokkas
  12 ball pythons
  7 bats
  4 frilled lizards
  7 rats
  A bush (Lair:4)
723 creatures vanquished.

Vanquished Creatures (others)
  An orc (D:10)
  A bush (Lair:6)
  39 fungi
  57 plants
  10 toadstools (D:2)
  9 withered plants (D:15)
117 creatures vanquished.

Grand Total: 840 creatures vanquished

Notes
Turn   | Place    | Note
-------+----------+-------------------------------------------
     0 | D:1      | Mgcat the Ogre Fighter began the quest for the Orb.
     0 | D:1      | Reached XP level 1. HP: 24/24 MP: 1/1
   189 | D:1      | Reached XP level 2. HP: 26/32 MP: 2/2
   353 | D:1      | Found a faded altar of an unknown god.
   627 | D:1      | You fall into a shaft and drop 1 floor!
   923 | D:1      | Reached XP level 3. HP: 34/39 MP: 3/3
  1018 | D:1      | Found Inkaer's Book Shoppe.
  1202 | D:1      | Reached skill level 3 in Dodging
  1736 | D:2      | Reached skill level 3 in Axes
  2018 | D:2      | Reached XP level 4. HP: 45/49 MP: 4/4
  2452 | D:2      | Found a runed translucent door.
  2453 | D:2      | Noticed Crazy Yiuf
  2641 | D:3      | Reached XP level 5. HP: 44/55 MP: 5/5
  2646 | D:3      | Reached skill level 5 in Fighting
  2664 | D:3      | Found a faded altar of an unknown god.
  2670 | D:3      | Found an iron altar of Okawaru.
  2779 | D:3      | Found a glowing drain.
  2800 | Sewer    | Entered a sewer
  2843 | Sewer    | Noticed a water moccasin
  2861 | Sewer    | Killed a water moccasin
  2862 | Sewer    | Reached skill level 4 in Axes
  2862 | Sewer    | Reached skill level 4 in Shields
  2862 | Sewer    | Reached XP level 6. HP: 65/66 MP: 6/6
  3632 | D:4      | Found a white marble altar of Elyvilon.
  3786 | D:3      | Became a worshipper of Warmaster Okawaru
  3948 | D:4      | Reached XP level 7. HP: 70/74 MP: 7/7
  4156 | D:4      | Reached skill level 4 in Dodging
  4466 | D:5      | Entered Level 5 of the Dungeon
  4473 | D:5      | Reached skill level 6 in Fighting
  4473 | D:5      | Reached skill level 5 in Axes
  4724 | D:5      | Noticed Blork the orc
  4727 | D:5      | Killed Blork the orc
  5128 | D:5      | Found a staircase to the Ecumenical Temple.
  5352 | D:5      | Reached * piety under Okawaru
  5353 | D:5      | Reached skill level 1 in Invocations
  5353 | D:5      | Reached XP level 8. HP: 69/84 MP: 8/8
  5439 | D:5      | Reached skill level 6 in Axes
  5439 | D:5      | Reached skill level 5 in Shields
  5734 | D:6      | Noticed Edmund
  5740 | D:6      | Reached skill level 7 in Fighting
  5740 | D:6      | Reached skill level 2 in Invocations
  5749 | D:6      | HP: 15/87 [Edmund/+1 dire flail of protection (8)]
  5770 | D:6      | Reached ** piety under Okawaru
  5771 | D:6      | HP: 10/87 [orc wizard/puff of flame (6)]
  5778 | D:6      | Gained mutation: You have a somewhat thin skeletal
                  | structure. (Dex +2, Stealth+) [potion of mutation]
  5778 | D:6      | Gained mutation: You are dopey. (Int -2) [potion of
                  | mutation]
  5781 | D:6      | HP: 19/87 [orc wizard/+0 dagger (1)]
  5881 | D:6      | Noticed a cyclops
  5896 | D:6      | Killed a cyclops
  5897 | D:6      | Reached skill level 7 in Axes
  5897 | D:6      | Reached skill level 5 in Dodging
  5897 | D:6      | Reached skill level 3 in Invocations
  5897 | D:6      | Reached XP level 9. HP: 46/94 MP: 11/11
  6362 | D:6      | Reached *** piety under Okawaru
  6363 | D:6      | Reached skill level 8 in Fighting
  6603 | D:6      | Killed Edmund
  6604 | D:6      | Reached skill level 6 in Shields
  6756 | D:6      | Reached skill level 4 in Invocations
  7570 | D:6      | Lost mutation: You are dopey. (Int -2) [potion of mutation]
  7570 | D:6      | Lost mutation: You have a somewhat thin skeletal structure.
                  | (Dex +2, Stealth+) [potion of mutation]
  7570 | D:6      | Gained mutation: You are weak. (Str -2) [potion of
                  | mutation]
  7570 | D:6      | Gained mutation: Your spells are a little harder to cast,
                  | but a little more powerful. [potion of mutation]
  7590 | D:7      | Reached skill level 8 in Axes
  7853 | D:7      | Identified a scroll of acquirement
  7853 | D:7      | Acquired a +4 vorpal broad axe
  7948 | D:7      | Noticed Joseph
  7957 | D:7      | Killed Joseph
  7958 | D:7      | Reached skill level 1 in Armour
  8081 | D:7      | Reached XP level 10. HP: 94/106 MP: 11/13
  8187 | D:7      | Reached skill level 5 in Invocations
  8501 | D:7      | Reached **** piety under Okawaru
  8502 | D:7      | Reached skill level 9 in Fighting
  8575 | D:7      | Found an ancient bone altar of Kikubaaqudgha.
  8788 | D:7      | Reached skill level 2 in Armour
  9094 | D:8      | Reached skill level 9 in Axes
  9696 | D:8      | Found a staircase to the Lair.
  9754 | D:8      | Reached skill level 7 in Shields
 10011 | D:8      | Found Tuvopi's Armour Boutique.
 10017 | D:8      | Noticed Psyche
 10023 | D:8      | Killed Psyche
 10034 | D:8      | Bought a +2 cloak of stealth for 279 gold pieces
 10115 | D:8      | Found a sacrificial altar of Ru.
 10419 | D:9      | Noticed a two-headed ogre
 10425 | D:9      | Killed a two-headed ogre
 10425 | D:9      | Reached ***** piety under Okawaru
 10426 | D:9      | Reached skill level 1 in Evocations
 10434 | D:9      | Reached skill level 6 in Invocations
 10443 | D:9      | Reached skill level 3 in Armour
 10443 | D:9      | Received a gift from Okawaru
 10447 | D:9      | Reached XP level 11. HP: 76/117 MP: 10/15
 10633 | D:9      | Lost mutation: Your spells are a little harder to cast, but
                  | a little more powerful. [potion of mutation]
 10633 | D:9      | Lost mutation: You are weak. (Str -2) [potion of mutation]
 10633 | D:9      | Gained mutation: You are weak. (Str -2) [potion of
                  | mutation]
 10633 | D:9      | Gained mutation: You sometimes lose your temper in combat.
                  | [potion of mutation]
 10633 | D:9      | Gained mutation: You are partially covered in iridescent
                  | scales. (AC +2) [potion of mutation]
 10633 | D:9      | Gained mutation: You have sharp toenails. [potion of
                  | mutation]
 10647 | D:9      | Reached skill level 10 in Axes
 10679 | D:9      | Reached skill level 10 in Fighting
 10690 | D:9      | Reached skill level 2 in Evocations
 10806 | D:9      | Received a gift from Okawaru
 11247 | D:10     | Entered Level 10 of the Dungeon
 11487 | D:10     | Found a staircase to the Orcish Mines.
 11510 | D:10     | HP: 26/114 [gnoll sergeant/+0 trident of venom (6)]
 11514 | D:10     | HP: 11/110 [orc warrior/+2 mace of draining (3)]
 11516 | D:10     | HP: 5/107 [orc warrior/+2 mace of draining (1)]
 11522 | D:10     | HP: 13/107 [gargoyle/stone arrow (6)]
 12193 | D:10     | Found the amulet of the Air {Inacc Air Fly rElec RMsl}
 12535 | D:10     | Reached skill level 3 in Evocations
 12890 | D:11     | Reached skill level 8 in Shields
 12890 | D:11     | Reached skill level 7 in Invocations
 12951 | D:11     | Lost mutation: You have sharp toenails. [potion of
                  | mutation]
 12951 | D:11     | Lost mutation: You sometimes lose your temper in combat.
                  | [potion of mutation]
 12951 | D:11     | Lost mutation: You are weak. (Str -2) [potion of mutation]
 12951 | D:11     | Gained mutation: Your mind is acute. (Int +4, Str/Dex -1)
                  | [potion of mutation]
 12958 | D:11     | Noticed a red ugly thing
 12966 | D:11     | Reached skill level 4 in Armour
 12972 | D:11     | Killed a red ugly thing
 13274 | D:11     | Noticed a cyclops
 13285 | D:11     | Killed a cyclops
 13285 | D:11     | Received a gift from Okawaru
 13287 | D:11     | Reached skill level 11 in Axes
 13294 | D:11     | Reached XP level 12. HP: 93/128 MP: 13/17
 13297 | D:11     | Reached skill level 11 in Fighting
 13835 | D:11     | Noticed a seven-headed hydra
 14049 | D:11     | Killed a one-headed hydra
 14371 | Lair:1   | Entered Level 1 of the Lair of Beasts
 14441 | Lair:1   | Identified the +2 broad axe of the Blue Skies {speed, rElec
                  | MP-9 Int+6} (Okawaru gifted it to you on level 1 of the
                  | Lair of Beasts)
 14441 | Lair:1   | Received a gift from Okawaru
 14445 | Lair:1   | Reached skill level 4 in Evocations
 14818 | Lair:1   | Found a runed translucent door.
 14818 | Lair:1   | Noticed gabibbone's ghost (journeyman MiHu)
 15269 | Lair:1   | Reached skill level 8 in Invocations
 15696 | Lair:2   | Reached skill level 5 in Armour
 15939 | Lair:2   | Noticed a five-headed hydra
 15962 | Lair:2   | Killed a one-headed hydra
 15963 | Lair:2   | Reached skill level 12 in Axes
 16176 | Lair:2   | Reached skill level 9 in Shields
 16176 | Lair:2   | Reached ****** piety under Okawaru
 16416 | Lair:2   | Identified the +1 robe "Ymy Zit" {rPois Int-4 Dex+4}
 16528 | Lair:2   | Noticed a death yak
 16561 | Lair:2   | Killed a death yak
 16918 | Lair:2   | Reached skill level 12 in Fighting
 16918 | Lair:2   | Reached XP level 13. HP: 127/140 MP: 17/19
 17013 | Lair:2   | Identified the +0 robe "Miupad" {rN+} (Okawaru gifted it to
                  | you on level 2 of the Lair of Beasts)
 17013 | Lair:2   | Received a gift from Okawaru
 17150 | Lair:3   | Found a staircase to the Snake Pit.
 17679 | Lair:3   | Reached skill level 5 in Evocations
 18148 | Lair:4   | Found a staircase to the Shoals.
 18659 | Lair:4   | Reached skill level 9 in Invocations
 18953 | Lair:4   | Reached skill level 6 in Armour
 18955 | Lair:4   | Reached skill level 13 in Axes
 19626 | Lair:5   | Found a dark tunnel.
 19635 | Volcano  | Entered a volcano
 20011 | Volcano  | Found a bloodstained altar of Trog.
 20038 | Volcano  | Noticed a stone giant
 20042 | Volcano  | Identified the +0 hat of the Unbearable God {Rampage Int-5
                  | SInv} (Okawaru gifted it to you in a volcano)
 20042 | Volcano  | Received a gift from Okawaru
 20052 | Volcano  | HP: 32/141 [stone giant (12)]
 20055 | Volcano  | Killed a stone giant
 21102 | Lair:5   | Found a viscous altar of Jiyva.
 21124 | Lair:5   | Found a staircase to the Slime Pits.
 21131 | Lair:5   | Reached skill level 10 in Shields
 21140 | Lair:5   | Reached skill level 13 in Fighting
 21866 | Lair:6   | Entered Level 6 of the Lair of Beasts
 21908 | Lair:6   | Reached XP level 14. HP: 124/153 MP: 21/21
 22129 | Lair:6   | Reached skill level 10 in Invocations
 22250 | Lair:6   | Reached skill level 14 in Axes
 22402 | Lair:6   | Identified the +9 war axe "Pian" {flame, MP+9} (Okawaru
                  | gifted it to you on level 6 of the Lair of Beasts)
 22402 | Lair:6   | Received a gift from Okawaru
 22781 | Lair:6   | Reached skill level 7 in Armour
 23267 | Lair:6   | Identified the +6 shortbow of Wucedef {freeze, Fly Str-4
                  | Int+4 Stlth+}
 23311 | Lair:6   | Received a gift from Okawaru
 23311 | Lair:6   | Found the +3 robe of Clouds {*Thunder rCloud rElec}
 23481 | Lair:6   | HP: 36/154 [three-headed hydra (4)]
 23488 | Lair:6   | HP: 30/154 [wolf (5)]
 24313 | Orc:1    | Entered Level 1 of the Orcish Mines
 24587 | Orc:1    | HP: 29/154 [orc warrior/+0 halberd[an orc knight] (15)]
 24587 | Orc:1    | HP: 11/154 [orc warrior/+0 halberd[an orc knight] (18)]
 24597 | Orc:1    | HP: 2/154 [orc knight/+0 long sword (12)]
 24603 | Orc:1    | HP: 24/154 [orc knight/+0 long sword (8)]
 25138 | Orc:1    | Reached skill level 14 in Fighting
 25462 | Orc:2    | Entered Level 2 of the Orcish Mines
 25462 | Orc:2    | Noticed Snorg
 25484 | Orc:2    | Killed Snorg
 25635 | Orc:2    | Found Ifytwuepp's Armour Shop.
 26131 | Orc:2    | Found Jialloy's Magic Scroll Shop.
 26133 | Orc:2    | Found Qokhowk's General Store.
 26513 | Orc:1    | Reached skill level 15 in Axes
 26513 | Orc:1    | Reached skill level 11 in Shields
 26885 | Orc:2    | Noticed Maurice
 26886 | Orc:2    | Found a staircase to the Elven Halls.
 26891 | Orc:2    | Killed Maurice
 27129 | Orc:2    | Reached XP level 15. HP: 156/165 MP: 23/23
 27195 | Orc:2    | Reached skill level 11 in Invocations
 27456 | Orc:2    | Received a gift from Okawaru
 27484 | Orc:2    | Bought a scroll of enchant weapon for 135 gold pieces
 27484 | Orc:2    | Bought a scroll of enchant weapon for 135 gold pieces
 27489 | Orc:2    | Bought a potion of might for 40 gold pieces
 27808 | Orc:2    | Found Geckon's Jewellery Emporium.
 27808 | Orc:2    | Found Ywoett's Antique Weapon Shoppe.
 27809 | Orc:2    | Found a one-way gate leading to the halls of Pandemonium.
 28636 | D:12     | Reached skill level 8 in Armour
 29611 | D:12     | Received a gift from Okawaru
 30449 | D:13     | Reached skill level 15 in Fighting
 30465 | D:13     | Found a gate to the Vaults.
 30535 | D:13     | Noticed Josephine
 31365 | D:13     | Identified the +11 short sword "Kyudug" {spect, rN+ Int+4}
                  | (Okawaru gifted it to you on level 13 of the Dungeon)
 31365 | D:13     | Received a gift from Okawaru
 31629 | D:13     | Killed Josephine
 31876 | D:14     | Reached skill level 16 in Axes
 32350 | D:14     | Found a snail-covered altar of Cheibriados.
 32915 | D:15     | Entered Level 15 of the Dungeon
 33016 | D:15     | HP: 36/167 [juggernaut zombie (32)]
 33442 | D:15     | Received a gift from Okawaru
 33498 | D:15     | Found Elasoeck's Weapon Shoppe.
 33894 | D:15     | Reached skill level 12 in Invocations
 33943 | D:15     | Reached XP level 16. HP: 160/176 MP: 25/25
 33979 | D:15     | HP: 35/176 [something (12)]
 33984 | D:15     | HP: 23/176 [something (2)]
 33985 | D:15     | Killed from afar by a vampire mage

Illustrated notes

Levels and vault maps discovered:
D:1:      scummos_arrival_gate, layout_basic, serial_shops,
          nicolae_diamond_shop, hellmonk_ecumenical_altar_crossroads,
          minmay_tromino_v7
D:2:      cheibrodos_fertilizer, layout_rooms, uniq_crazy_yiuf_cottage
D:3:      layout_basic, nicolae_overflow_ecumenical_swirl, portal_sewer_entry_a
D:4:      layout_loops_corners, general_overflow_altar,
          minmay_stone_trees_small, st_stairs_3
D:5:      cheibrodos_barr_body, layout_basic, minmay_temple_entry_overgrown,
          uniq_blork_the_orc
D:6:      minmay_opposing_rooms, layout_basic, uniq_edmund
D:7:      minmay_general_purpose_star, layout_loops_ring,
          kennysheep_vampire_church, uniq_joseph
D:8:      layout_cave_pools, nicolae_ru_sacrificial_ziggurat, lair_entry_dummy,
          serial_shops, shop, kennysheep_decorative_pillar, uniq_psyche
D:9:      layout_loops_ring
D:10:     layout_stronghold, kennysheep_orc_monster_closet_entryway
D:11:     layout_rooms, grunt_decor_junction, nrook_loot_triangle, st_stairs_3,
          minmay_strange_pillars
D:12:     layout_stronghold
D:13:     layout_stronghold, skrybe_vaults_entry_preservation,
          roderic_lattice_a, kennysheep_generic_room_5, uniq_josephine
D:14:     layout_stronghold, cheibriados_altar_1, due_unseen_surprise
D:15:     gammafunk_depths_entry_grave, layout_grid_maze, minmay_misc_feat_iff,
          serial_shops, nicolae_shop_bloodbath_and_beyond
Lair:1:   layout_cave_pods, gammafunk_ghost_grave, infiniplex_staircase_pool
Lair:2:   layout_regular_city, wad_woods_road_06, infiniplex_staircase_pool_2
Lair:3:   layout_cave_pods, minmay_snake_entry_guardpost_small,
          grunt_forest_stairs_clearing
Lair:4:   layout_roguey, minmay_shoals_entry_beasts, roderic_carrion_pond,
          lemuel_fruit_fields
Lair:5:   layout_regular_city, minmay_slime_entry_jelly_boxes, enter_volcano_2,
          st_stairs_5, nicolae_lair_run_with_the_wolves
Lair:6:   minmay_lair_end_enchanted_forest, layout_misc_corridors
Orc:1:    layout_caves
Orc:2:    pf_orc_diabolical, layout_caves, serial_shops, shop, uniq_snorg,
          uniq_maurice

Skill      XL: |  1  2  3  4  5  6  7  8  9 10 11 12 13 14 15 |
---------------+----------------------------------------------+-----
Dodging        | 3 4 5 |  5.5
Axes           | 3 4 5 7 8 9 11 12 13 15 16 | 16.2
Fighting       | 5 6 7 8 9 10 12 13 14 15 | 15.3
Shields        | 4 5 6 7 8 9 10 11 | 11.9
Invocations    | 1 3 4 6 7 8 9 10 12 | 12.0
Armour         | 1 3 4 5 6 7 8 |  8.6
Evocations     | 1 3 4 5 |  5.0

Action                   |  1- 3 |  4- 6 |  7- 9 | 10-12 | 13-15 | 16-18 || total
-------------------------+-------+-------+-------+-------+-------+-------++-------
Melee: War axe           |   115 |   161 |   271 |       |       |       ||   547
       Broad axe         |       |       |    20 |   440 |  1054 |    14 ||  1528
       Kick              |       |       |       |    39 |       |       ||    39
       Scimitar          |       |       |       |    22 |    62 |       ||    84
Invok: Heroism           |       |       |       |     5 |    15 |     1 ||    21
       Finesse           |       |       |       |     1 |     2 |       ||     3
Evoke: Wand              |       |       |    15 |     1 |    13 |       ||    29
  Use: Scroll            |       |    12 |     4 |    11 |    13 |       ||    40
       Potion            |       |     2 |     6 |     5 |     6 |       ||    19
 Stab: Sleeping          |       |     1 |     1 |     2 |     3 |       ||     7
       Distracted        |       |       |     1 |     1 |     1 |       ||     3
Armor: Robe              |    63 |    48 |    71 |       |       |       ||   182
       Skin              |       |    10 |       |       |       |       ||    10
       Steam dragon scal |       |       |    12 |    53 |       |       ||    65
       Acid dragon scale |       |       |       |   227 |   672 |    15 ||   914
Dodge: Dodged            |    65 |    56 |   103 |   225 |   467 |     4 ||   920
Block: Kite shield       |    45 |    97 |   180 |   290 |   633 |    14 ||  1259
       Reflection        |       |     2 |     2 |       |       |       ||     4

Table legend: (Time is in decaauts)
 A = Elapsed time spent in this place.
 B = Non-inter-level travel time spent in this place.
 C = Inter-level travel time spent in this place.
 D = Time resting spent in this place.
 E = Time spent auto-exploring this place.
 F = Levels seen in this place.
 G = Mean time per level.
                   A        B        C        D        E       F      G
               +--------+--------+--------+--------+--------+-----+--------+
         Total |  34241 |  33130 |   1111 |   9290 |  19040 |  25 | 1369.6 |
       Dungeon |  20532 |  19696 |    836 |   4374 |  12523 |  15 | 1368.8 |
          Lair |   8879 |   8643 |    236 |   2130 |   5218 |   6 | 1479.8 |
  Orcish Mines |   3590 |   3551 |     39 |   2156 |    904 |   2 | 1795.0 |
         Sewer |    227 |    227 |      0 |    102 |     54 |   1 |  227.0 |
       Volcano |   1012 |   1012 |      0 |    528 |    341 |   1 | 1012.0 |
               +--------+--------+--------+--------+--------+-----+--------+

Top non-repeatable levels by time:
  Lair:6: 2252 daAuts
   Orc:1: 2197 daAuts
     D:6: 1983 daAuts
     D:7: 1957 daAuts
    D:12: 1824 daAuts
    D:10: 1756 daAuts
    D:11: 1731 daAuts
    D:14: 1592 daAuts
    D:13: 1574 daAuts
  Lair:2: 1567 daAuts
     D:1: 1525 daAuts
  Lair:4: 1501 daAuts
   Orc:2: 1392 daAuts
  Lair:1: 1278 daAuts
  Lair:5: 1237 daAuts

Table legend:
 A = Kills in this place as a percentage of kills in entire the game.
 B = Kills by you in this place as a percentage of kills by you in the entire game.
 C = Kills by friends in this place as a percentage of kills by friends in the entire game.
 D = Other kills in this place as a percentage of other kills in the entire game.
 E = Experience gained in this place as a percentage of experience gained in the entire game.
 F = Experience gained in this place divided by the number of levels of this place that you have seen.
                   A       B       C       D       E      F
               +-------+-------+-------+-------+-------+----------------------
         Total | 100.0 | 100.0 |   N/A |   N/A | 100.0 | 5156.4
       Dungeon |  52.8 |  52.8 |   N/A |   N/A |  41.8 | 3595.5
          Lair |  27.6 |  27.6 |   N/A |   N/A |  35.9 | 7707.3
  Orcish Mines |  16.6 |  16.6 |   N/A |   N/A |  18.6 | 11981.0
         Sewer |   0.4 |   0.4 |   N/A |   N/A |   0.1 | 154.0
       Volcano |   2.6 |   2.6 |   N/A |   N/A |   3.6 | 4619.0
               +-------+-------+-------+-------+-------+----------------------
